 Dungeon Crawl Stone Soup version 0.31.0-12-g77e489cdc1 (webtiles) character file.

Game seed: 30917202694664753

831 spaghetti the Covert (level 7, -10/55 HPs)
             Began as a Naga Chaos Knight on Feb 22, 2024.
             Was a Plaything of Xom.
             Mangled by a yak (14 damage)
             ... on level 6 of the Dungeon.
             The game lasted 00:05:13 (3800 turns).

spaghetti the Covert (Naga Chaos Knight)            Turns: 3800, Time: 00:05:14

Health: -10/55     AC:  7    Str: 17    XL:     7   Next: 98%
Magic:  7/7        EV:  9    Int: 12    God:    Xom [.*....]
Gold:   134        SH:  0    Dex: 10    Spells: 6/6 levels left

rFire   . . .        k - +6 dagger of Destiny {spect, Stlth+}
rCold   + . .        (no shield)
rNeg    . . .        i - +3 leather armour {rC+}
rPois   +            (no helmet)
rElec   .            o - scarf {shadows}
rCorr   .            (no gloves)
SInv    +            (no barding)
Will    .....        (no amulet)
Stlth   ++++++       (no ring)
HPRegen 0.29/turn    (no ring)
MPRegen 0.10/turn

%: no passive effects
@: attractive, very slow
A: AC +2, large, see invisible, deformed body, poison resistance, slowness 2,
spit poison 1, naga tail 1, frail 1, persistent drain
a: Spit Poison, Renounce Religion


You were on level 6 of the Dungeon.
You worshipped Xom.
You were a plaything of Xom.
You visited 1 branch of the dungeon, and saw 6 of its levels.

You collected 290 gold pieces.
You spent 156 gold pieces at shops.

Inventory:

Hand Weapons
 k - the +6 dagger of Destiny (weapon) {spect, Stlth+}
   (You found it on level 3 of the Dungeon)

   Stlth+:    It makes you more stealthy.
Missiles
 d - a throwing net
Armour
 a - a +2 leather armour
 i - a +3 leather armour of cold resistance (worn)
 o - a scarf of shadows (worn)
Wands
 l - a wand of mindburst (14)
 q - a wand of charming (5)
Scrolls
 b - a scroll of butterflies
 f - a scroll of teleportation
 g - 2 scrolls of poison
 h - a scroll of enchant armour
 n - a scroll of enchant weapon
 p - 2 scrolls of revelation
Potions
 m - a potion of magic


   Skills:
 - Level 3.0 Fighting
 - Level 1.5 Armour
 - Level 0.7 Dodging
 + Level 13.1 Stealth
 - Level 3.0 Unarmed Combat


You had 6 spell levels left.
You didn't know any spells.
Your spell library contained the following spells:

 Spells                   Type           Power      Damage    Failure   Level
 Mercury Vapours          Alch/Air       0%         N/A       52%         2
 Mephitic Cloud           Conj/Alch/Air  0%         N/A       75%         3
 Freezing Cloud           Conj/Ice/Air   0%         6-21      100%        5


Dungeon Overview and Level Annotations

Branches:
Dungeon (6/15)
 Temple: D:4-7

Altars:
Ashenzari
Wu Jian
Xom

Shops:
D:4 *


Innate Abilities, Weirdness & Mutations

Your serpentine skin is tough. (AC +2)
You have supernaturally acute eyesight. (SInv)
Armour fits poorly on your strangely shaped body.
Your system is resistant to poisons. (rPois)
You cover ground very slowly.
You can spit poison.
You have a snake-like lower body.
You are frail. (-10% HP)
Your health recovers twice as slowly from being drained.


Message History

Unknown command.
You closely miss the yak.
The yak is heavily wounded.
Your +6 dagger of Destiny {spect, Stlth+} hits the yak but does no damage. "Boo!"
You are now a plaything of Xom.
The yak closely misses you.
Unknown command.
You catch the helpless yak completely off-guard!
You impale the yak!!
You kill the yak!
Your +6 dagger of Destiny {spect, Stlth+} disappears.
Your Stealth skill increases to level 13!
You start resting.
The yak is attracted toward you.
You start resting.
You flicker back into view.
You start resting.
The yak is attracted toward you.
A yak is nearby!
A yak is nearby!
A yak is nearby!
The yak bellows!
You hit the yak.
The yak is lightly wounded.
Your +6 dagger of Destiny {spect, Stlth+} barely misses the yak.
The yak closely misses you.
You hit the yak.
The yak is lightly wounded.
Your +6 dagger of Destiny {spect, Stlth+} hits the yak but does no damage.
The yak gores you but does no damage.
You hit the yak but do no damage.
The yak is lightly wounded.
Your +6 dagger of Destiny {spect, Stlth+} hits the yak.
The yak barely misses you.
You puncture the yak!
The yak is heavily wounded.
Your +6 dagger of Destiny {spect, Stlth+} hits the yak.
The yak gores you!
You die...
Xom guffaws!

#.# #.# #.#
#.###.###.#
#.....(...#
##.###.###.#
#..###..##.#
#..........#
#..≈≈§§≈≈..#
##.≈≈§≈≈≈..#
###Y§§@⌠≈≈..#
#...≈(Y.≈§..#
#.#.≈§≈§≈≈..#
#########.#.≈≈≈≈≈§..#
#Y....YY†....§§.....#
#.#################.#
:#


You could see a yak and a friendly +6 dagger of Destiny {spect, Stlth+}.

Vanquished Creatures
  3 yaks (D:6)
  A phantom (D:4)
  An orc priest (D:4)
  Terence (D:2)
  4 gnolls (D:4)
  7 adders
  5 dart slugs
  9 orcs
  9 endoplasms
  5 giant cockroaches
  7 hobgoblins
  6 jackals (D:1)
  5 quokkas
  8 ball pythons
  9 bats
  3 frilled lizards
  4 goblins
  7 kobolds
  6 rats
100 creatures vanquished.

Vanquished Creatures (collateral kills)
  A howler monkey (D:6)
  2 adders (D:4)
  An endoplasm (D:4)
4 creatures vanquished.

Grand Total: 104 creatures vanquished

Notes
Turn   | Place    | Note
-------+----------+-------------------------------------------
     0 | D:1      | spaghetti the Naga Chaos Knight began the quest for the
                  | Orb.
     0 | D:1      | Reached XP level 1. HP: 21/21 MP: 1/1
    16 | D:1      | Reached skill level 1 in Stealth
    38 | D:1      | Reached skill level 2 in Stealth
    42 | D:1      | Reached XP level 2. HP: 16/28 MP: 2/2
   131 | D:1      | Reached skill level 3 in Stealth
   277 | D:1      | XOM: noise
   281 | D:1      | Reached skill level 4 in Stealth
   290 | D:1      | Reached XP level 3. HP: 23/34 MP: 3/3
   349 | D:1      | XOM: divination: detect items
   477 | D:1      | XOM: divination: magic mapping
   591 | D:1      | XOM: 2-stop teleportation journey
   983 | D:2      | Reached skill level 5 in Stealth
  1054 | D:2      | XOM: silly message
  1105 | D:2      | XOM: divination: detect creatures
  1326 | D:2      | XOM: silly message
  1361 | D:2      | Reached XP level 4. HP: 35/42 MP: 4/4
  1536 | D:2      | XOM: silly message
  1647 | D:2      | Noticed Terence
  1658 | D:2      | Killed Terence
  1659 | D:2      | Reached skill level 6 in Stealth
  1848 | D:3      | XOM: cast spell 'Iskenderun's Battlesphere'
  1865 | D:3      | Identified the +6 dagger of Destiny {spect, Stlth+}
  1896 | D:3      | Found an ornate altar of the Wu Jian Council.
  1954 | D:3      | Reached skill level 7 in Stealth
  1994 | D:3      | Reached XP level 5. HP: 45/49 MP: 5/5
  1996 | D:3      | XOM is BORED!
  1996 | D:3      | XOM: polymorph kobold -> adder
  2002 | D:3      | XOM: 1-stop teleportation journey
  2133 | D:3      | Found a shimmering altar of Xom.
  2281 | D:3      | XOM: silly message
  2412 | D:3      | XOM: give mutations
  2412 | D:3      | Gained mutation: You are frail. (-10% HP) [Xom's mischief]
  2412 | D:3      | Gained mutation: You are vulnerable to heat. (rF-) [Xom's
                  | mischief]
  2412 | D:3      | Gained mutation: Your muscles are strong. (Str +4, Int/Dex
                  | -1) [Xom's mischief]
  2412 | D:3      | Gained mutation: You are partially covered in iridescent
                  | scales. (AC +2) [Xom's mischief]
  2444 | D:3      | XOM: scenery: create altars
  2635 | D:4      | Found Dolar's Neck Hole.
  2660 | D:4      | Bought a scarf of shadows for 156 gold pieces
  2720 | D:4      | Reached skill level 8 in Stealth
  3096 | D:4      | Noticed a phantom
  3098 | D:4      | Reached XP level 6. HP: 33/50 MP: 6/6
  3100 | D:4      | Reached skill level 9 in Stealth
  3104 | D:4      | XOM: cast spell 'Summon Mana Viper'
  3106 | D:4      | XOM: divination: detect creatures
  3148 | D:4      | Reached skill level 10 in Stealth
  3368 | D:5      | Entered Level 5 of the Dungeon
  3405 | D:5      | Lost mutation: You are vulnerable to heat. (rF-) [potion of
                  | mutation]
  3405 | D:5      | Lost mutation: You are partially covered in iridescent
                  | scales. (AC +2) [potion of mutation]
  3405 | D:5      | Lost mutation: Your muscles are strong. (Str +4, Int/Dex
                  | -1) [potion of mutation]
  3405 | D:5      | Gained mutation: Your health recovers twice as slowly from
                  | being drained. [potion of mutation]
  3717 | D:6      | Found a broken altar of Ashenzari.
  3730 | D:6      | Noticed a yak
  3730 | D:6      | Noticed a yak
  3732 | D:6      | Noticed a yak
  3733 | D:6      | Noticed a yak
  3733 | D:6      | XOM: smoke on damage
  3733 | D:6      | Noticed a yak
  3736 | D:6      | XOM: potion effect (invisibility)
  3737 | D:6      | a yak changed into a howler monkey
  3737 | D:6      | XOM: polymorph yak -> howler monkey
  3739 | D:6      | Noticed a yak
  3740 | D:6      | Killed a yak
  3741 | D:6      | Reached skill level 11 in Stealth
  3741 | D:6      | Reached XP level 7. HP: 21/55 MP: 7/7
  3741 | D:6      | XOM: summons friendly iron imp
  3766 | D:6      | XOM: potion effect (attraction)
  3767 | D:6      | XOM: enchant monster (good)
  3774 | D:6      | Killed a yak
  3775 | D:6      | Reached skill level 12 in Stealth
  3776 | D:6      | HP: 1/55 [yak (2)]
  3790 | D:6      | HP: 1/55 [yak (4)]
  3791 | D:6      | XOM: noise
  3792 | D:6      | Killed a yak
  3793 | D:6      | Reached skill level 13 in Stealth
  3800 | D:6      | Mangled by a yak

Illustrated notes

Levels and vault maps discovered:
D:1:      dpeg_arrival_rhombi, layout_loops_ring
D:2:      layout_loops_cross, uniq_terence
D:3:      layout_loops_cross, mainiacjoe_overflow_tiny_flanked,
          regret_index_xom_buried_treasure
D:4:      minmay_diamond_boxcup, layout_loops_ring,
          nicolae_shop_sticking_my_neck_out
D:5:      layout_basic
D:6:      layout_loops_ring, general_overflow_altar, lemuel_crystal_altar,
          fedhas_altar_1, nicolae_qazlal_scattered_showers,
          ebering_dispersal_statue_hall

Skill      XL: |  1  2  3  4  5  6  7 |
---------------+----------------------+-----
Stealth        | 2 4 5 7 8 11 13 | 13.1
Fighting       | |  3.0
Armour         | |  1.5
Dodging        | |  0.7
Unarmed Combat | |  3.0

Action                     |  1- 3 |  4- 6 |  7- 9 || total
---------------------------+-------+-------+-------++-------
  Melee: Unarmed           |    98 |    31 |       ||   129
         Punch             |     3 |     5 |       ||     8
         Dagger            |       |    71 |    29 ||   100
Ability: Spit Poison       |    29 |    43 |       ||    72
  Evoke: Wand              |       |     5 |       ||     5
    Use: Potion            |     2 |     4 |       ||     6
         Scroll            |       |     9 |     1 ||    10
   Stab: Invisible         |       |     1 |     3 ||     4
         Distracted        |       |     1 |       ||     1
 Armour: Leather armour    |    75 |    73 |     7 ||   155
         Skin              |     4 |       |       ||     4
  Dodge: Dodged            |    52 |    36 |     6 ||    94
